 Dungeon Crawl Stone Soup version 0.31-a0-986-g5e6e4ef867 (webtiles) character file.

Game seed: 16261082164447442877

455 avis the Ducker (level 6, 28/28 HPs)
             Began as a Felid Shapeshifter on Nov 4, 2023.
             Got out of the dungeon alive.
             The game lasted 00:21:57 (4661 turns).

avis the Ducker (Felid Shapeshifter)                Turns: 4661, Time: 00:21:57

Health: 28/28      AC:  2    Str: 10    XL:     6   Next: 76%
Magic:  7/7        EV: 21    Int: 11    God:
Gold:   183        SH:  0    Dex: 18    Spells: 5/5 levels left
                                        Lives:  0   Deaths: 2

rFire   . .          .
                       - Unarmed
rCold   . . .        (shield unavailable)
rNeg    . . .        (body armour unavailable)
rPois   .            (helmet unavailable)
rElec   .            (cloak unavailable)
rCorr   +            (gloves unavailable)
SInv    +            (boots unavailable)
Will    .....        (no amulet)
Stlth   ++           k - ring of resist corrosion
HPRegen 0.24/turn    (no ring)
MPRegen 0.10/turn

%: no passive effects
@: beast-form, quick
A: beast (slay +3), very small, claws 1, fangs 3, see invisible, speed 1, shaggy
fur 2, stealthy paws, no weapons or thrown items, no armour, multi-lived
a: Begin Untransformation


You escaped.
You were a hulking beast.
You visited 1 branch of the dungeon, and saw 5 of its levels.
You also visited: Ossuary.

You collected 183 gold pieces.

Inventory:

Jewellery
 k - a ring of resist corrosion (left paw)
Talismans
 b - a beast talisman
 f - a flux talisman
 s - a serpent talisman
Wands
 c - a wand of charming (10)
Scrolls
 d - 2 scrolls of teleportation
 g - 2 scrolls of enchant weapon
 j - 2 scrolls of fog {unknown}
 n - 2 scrolls of fear {unknown}
 o - a scroll of immolation {unknown}
 u - a scroll of poison {unknown}
 v - a scroll of butterflies {unknown}
 x - a scroll of revelation {unknown}
 y - a scroll of blinking {unknown}
Potions
 a - a potion of lignification
 e - a potion of ambrosia
 h - 6 potions of attraction
 i - 2 potions of enlightenment
 l - 4 potions of degeneration
 m - a potion of curing {unknown}
 p - 6 potions of mutation
 q - a potion of heal wounds {unknown}
 r - 2 potions of might
 t - a potion of invisibility {unknown}
 w - 2 potions of haste
 z - a potion of magic {unknown}


   Skills:
 * Level 3.0 Fighting
 - Level 7.0 Dodging
 - Level 3.0 Unarmed Combat
 - Level 5.3 Shapeshifting


You had 5 spell levels left.
You didn't know any spells.
Your spell library contained the following spells:

 Spells                   Type           Power      Damage    Failure   Level
 Apportation              Tloc           0%         N/A       34%         1
 Necrotise                Necr           0%         1d4       34%         1
 Summon Small Mammal      Summ           0%         N/A       34%         1
 Lesser Beckoning         Tloc           0%         N/A       47%         2
 Gell's Gravitas          Tloc           0%         N/A       71%         3
 Teleport Other           Tloc           0%         N/A       71%         3
 Manifold Assault         Tloc           0%         N/A       98%         4
 Dispersal                Tloc           0%         N/A       100%        6
 Disjunction              Tloc           0%         N/A       100%        8


Dungeon Overview and Level Annotations

Branches:
Dungeon (5/15)            Ossuary (visited)
 Temple: D:4-7

Altars:
Vehumet
Xom
The Shining One

Shops:
D:3 (

Annotations:
D:1 Can't reach come places.


Innate Abilities, Weirdness & Mutations

You are a hulking beast.
Your limbs bulge with bestial killing power. (Slay +3)
You have sharp claws.
You have razor-sharp teeth.
You have supernaturally acute eyesight. (SInv)
You cover ground quickly. (Speed+)
You are covered in thick fur. (AC +2)
Your paws help you pounce on unaware monsters.
You are incapable of wielding weapons or throwing items.
You cannot wear armour.
You gain extra lives every three experience levels.


Message History

You scratch the orc priest.
The orc priest is lightly wounded.
The orc priest misses you.
The orc priest mumbles some strange prayers to Beogh against you.
Beogh smites you!
You closely miss the orc priest.
The orc priest is lightly wounded.
The orc priest completely misses you.
The orc priest hits you with a +0 dagger.
You barely miss the orc priest.
The orc priest is lightly wounded.
The orc priest hits you with a +0 club.
The orc priest calls down the wrath of Beogh upon you.
Beogh smites you!
Ouch! That really hurt!
You die...
Your shape twists and changes as you die.
You rejoin the land of the living...
What level of the Dungeon? (default 4, ? - help)
There is an escape hatch in the ceiling here.
A mysterious force pulls you upwards. The hatch slams shut behind you.
There is a stone staircase leading up here.
You climb upwards.
There is a stone staircase leading down here.
Items here: )) [[.
Things that are here:
2 boomerangs; a +0 dagger
There is a stone staircase leading up here.
You climb upwards.
There is a stone staircase leading down here.
There is a stone staircase leading up here.
You climb upwards.
Level annotation: Can't reach come places.
There is a stone staircase leading down here.
You enter the shallow water.
Moving in this stuff is going to be slow.
You enter the shallow water.
Moving in this stuff is going to be slow.
There is a staircase leading out of the dungeon here.
You have escaped!

............######## ##.......#
####.###.#.........# #.#.###.#
.....# #.#####.....# ♣♣♣#.#.# #.#
...#####.#.....###♣♣♣♣8♣♣♣♣.# #.#
#..# #........# ♣♣~~~~~~~♣♣# #..
#..# #........#♣♣~♣♣♣♣♣♣♣~♣♣ ##.
#..####.##.....♣♣8~♣8~~~~♣♣~♣♣ #.
#..)....##.....♣♣♣~♣♣~♣♣♣~♣♣~♣ #.
...#########.##♣h♣♣~♣~♣8♣~~♣~♣ #.
..## #...♣~~♣~♣~~~~♣~♣~♣♣#. ..##
###..♣♣~♣~~♣8♣~♣~♣~8♣#. .~.#
######.....♣~♣♣~♣♣♣~♣~♣~♣♣#. ..~#
#..........♣♣~♣♣~~~♣♣~♣~♣ #. .~~#
#.####.##.♣.♣♣~♣♣♣♣♣~♣♣~♣ #.
.~.###.####.##.♣♣~♣♣~~~~~♣♣~♣♣ #.
†.....#.....##.#♣♣.♣♣♣♣♣♣♣~♣♣ #.
..~###.##........♣♣~~~~~~~♣♣####.


There were no monsters in sight!

Vanquished Creatures
  A centaur zombie (Ossuary)
  2 hounds
  3 orc priests
  3 orc wizards
  4 mummies (Ossuary)
  5 adders
  A worm (D:2)
  5 dart slugs
  12 orcs
  6 ball pythons
  3 bats
  4 endoplasms
  7 giant cockroaches
  5 goblins
  6 hobgoblins
  3 jackals (D:3)
  9 kobolds
  2 quokkas
  3 frilled lizards (D:1)
  A gnoll zombie (Ossuary)
  2 goblin zombies (Ossuary)
  3 hobgoblin zombies (Ossuary)
  An orc zombie (Ossuary)
  2 rats
93 creatures vanquished.

Notes
Turn   | Place    | Note
-------+----------+-------------------------------------------
     0 | D:1      | avis the Felid Shapeshifter began the quest for the Orb.
     0 | D:1      | Reached XP level 1. HP: 9/9 MP: 2/2
   145 | D:1      | Reached skill level 3 in Dodging
   311 | D:1      | Reached XP level 2. HP: 13/13 MP: 3/3
   700 | D:1      | Reached skill level 4 in Dodging
   757 | D:1      | Reached XP level 3. HP: 15/16 MP: 4/4
  1093 | D:2      | Found a faded altar of an unknown god.
  1668 | D:3      | Reached skill level 5 in Dodging
  1668 | D:3      | Reached XP level 4. HP: 15/20 MP: 5/5
  1751 | D:3      | Found Jyczoky's Weapon Shop.
  2349 | D:4      | Found a sand-covered staircase.
  2356 | Ossuary  | Entered an ossuary
  2435 | Ossuary  | Reached XP level 5. HP: 22/24 MP: 6/6
  2498 | Ossuary  | Reached skill level 6 in Dodging
  2811 | D:4      | Found a glowing golden altar of the Shining One.
  2817 | D:4      | You fall into a shaft and drop 1 floor!
  2817 | D:5      | Entered Level 5 of the Dungeon
  3091 | D:3      | Killed from afar by an orc priest
  3113 | D:3      | Gained mutation: You are covered in thick fur. (AC +2)
                  | [Felid growth]
  3113 | D:3      | Reached XP level 6. HP: 15/28 MP: 7/7
  3184 | D:4      | Reached skill level 5 in Shapeshifting
  3438 | D:4      | Found a radiant altar of Vehumet.
  3523 | D:4      | HP: 1/28 [orc priest/+0 flail (6)]
  3535 | D:4      | HP: 1/28 [orc priest/divine providence (12)]
  3984 | D:5      | Found a shimmering altar of Xom.
  4456 | D:5      | Reached skill level 7 in Dodging
  4463 | D:5      | Noticed an orc warrior
  4469 | D:5      | Killed from afar by an orc priest
  4661 | D:$      | Got out of the dungeon alive.

Illustrated notes

Levels and vault maps discovered:
D:1:      nagdon_arrival_double_spiral, layout_loops_ring, serial_rivers,
          chequers_serial_rivers_small_3, chequers_serial_rivers_small_3,
          chequers_serial_rivers_marsh, chequers_serial_rivers_large_a,
          minmay_close_crescents
D:2:      layout_loops_ring, shapermc_ecumenical_altar_venn
D:3:      layout_loops_ring, serial_shops, nicolae_shop_crystal
D:4:      layout_basic, mainiacjoe_overflow_alcove_1, general_overflow_altar,
          enter_ossuary_1, minivault_26, minmay_misc_feat_nine_boxes
D:5:      layout_cave_pods, xom_butterflies, uniq_crazy_yiuf_cottage,
          uniq_prince_ribbit1

Skill      XL: |  1  2  3  4  5  6 |
---------------+-------------------+-----
Dodging        | 3 4 5 6 7 |  7.0
Fighting       | 2 3 |  3.0
Shapeshifting  | 4 5 |  5.3
Unarmed Combat | |  3.0

Action                     |  1- 3 |  4- 6 || total
---------------------------+-------+-------++-------
  Melee: Unarmed           |    94 |   175 ||   269
         Bite              |     6 |    16 ||    22
         Punch             |       |     3 ||     3
    Use: Scroll            |       |     7 ||     7
         Potion            |       |     1 ||     1
   Stab: Sleeping          |     1 |     5 ||     6
         Distracted        |       |     1 ||     1
 Armour: Skin              |    19 |    35 ||    54
  Dodge: Dodged            |    56 |   100 ||   156

Table legend: (Time is in decaauts)
 A = Elapsed time spent in this place.
 B = Non-inter-level travel time spent in this place.
 C = Inter-level travel time spent in this place.
 D = Time resting spent in this place.
 E = Time spent auto-exploring this place.
 F = Levels seen in this place.
 G = Mean time per level.
                   A        B        C        D        E       F      G
               +--------+--------+--------+--------+--------+-----+--------+
         Total |   4043 |   3650 |    393 |    641 |   1896 |   6 |  673.8 |
       Dungeon |   3738 |   3345 |    393 |    584 |   1896 |   5 |  747.6 |
       Ossuary |    304 |    304 |      0 |     57 |      0 |   1 |  304.0 |
               +--------+--------+--------+--------+--------+-----+--------+

Top non-repeatable levels by time:
     D:1: 995 daAuts
     D:3: 988 daAuts
     D:4: 778 daAuts
     D:2: 533 daAuts
     D:5: 442 daAuts
 Ossuary: 304 daAuts
